Map: Deathaura LE

Players

PtitDrogo - Winner!

  • Race: Protoss Protoss
  • League: Master
  • Spawn Location: 11:00

Denver

  • Race: Zerg Zerg
  • League: Grandmaster
  • Spawn Location: 5:00

VOD

Have the link to the VOD?

Description

Time

  • Played on: July 29, 2020, 5:50 a.m.
  • Length: 14:57
Show
View Real Time Build Order
Export as new Build Order

PtitDrogo Protoss - Winner!

Build Orders: 1 Gate Expand, Archon Immortal, Mass Adepts 

Get SALT Encoding   

  12  0:00  Probe  
  13  0:12  Probe  
  14  0:19  Pylon  
  14  0:25  Probe  
  15  0:37  Probe (Chrono Boost)  
  16  0:43  Gateway  
  16  0:46  Probe (Chrono Boost)  
  17  0:51  Probe (Chrono Boost)  
  17  0:55  Assimilator  
  18  1:03  Probe  
  19  1:15  Probe  
  20  1:27  Nexus  
  20  1:36  Cybernetics Core  
  20  1:39  Probe  
  21  1:45  Assimilator  
  21  1:50  Pylon  
  21  1:52  Probe  
  22  2:04  Probe  
  23  2:10  Adept (Chrono Boost)  
  23  2:13  Warp Gate  
  25  2:16  Probe  
  26  2:27  Twilight Council  
  26  2:29  Probe (Chrono Boost)  
  27  2:30  Adept (Chrono Boost)  
  29  2:40  Probe (Chrono Boost)  
  31  2:46  Probe (Chrono Boost)  
  31  2:49  Probe (Chrono Boost)  
  32  2:53  Probe (Chrono Boost), Stalker  
  32  2:54  Probe (Chrono Boost)  
  36  3:03  Robotics Facility  
  36  3:05  Probe  
  37  3:16  Probe  
  37  3:19  Gateway  
  38  3:24  Resonating Glaives (Chrono Boost)  
  38  3:30  Probe, Gateway x2  
  38  3:31  Probe  
  40  3:43  Probe  
  40  3:47  Probe  
  42  3:48  Pylon  
  42  3:49  Warp Prism  
  42  3:55  Probe  
  45  3:59  Pylon  
  45  4:00  Probe  
  46  4:04  Pylon  
  46  4:06  Adept  
  46  4:08  Probe  
  49  4:13  Adept  
  51  4:17  Probe  
  52  4:25  Adept x2, Assimilator  
  52  4:27  Assimilator  
  56  4:32  Probe x2  
  56  4:34  Pylon  
  58  4:39  Observer  
  58  4:45  Adept x4  
  65  4:50  Pylon  
  67  4:58  Forge  
  67  5:06  Adept x4  
  79  5:14  Immortal  
  79  5:22  Probe  
  79  5:26  Adept x3  
  84  5:41  Probe  
  84  5:42  Probe  
  74  5:50  Adept x3  
  74  5:53  Immortal  
  74  5:54  Probe  
  81  6:06  Nexus  
  81  6:09  Pylon  
  79  6:12  Adept  
  79  6:14  Adept  
  79  6:18  Probe x2, Protoss Ground Weapons Level 1 (Chrono Boost)  
  85  6:30  Probe x2  
  83  6:42  Probe x2  
  73  6:54  Probe x2  
  73  6:56  Immortal (Chrono Boost)  
  77  7:06  Probe x2, Pylon  
  73  7:10  Gateway x2  
  73  7:14  Gateway  
  73  7:15  Sentry  
  73  7:16  Sentry x3, Gateway  
  73  7:18  Probe  
  73  7:19  Templar Archives  
  82  7:25  Probe x2  
  84  7:31  Immortal  
  84  7:32  Probe  
  84  7:33  Charge (Chrono Boost)  
  89  7:40  Shield Battery  
  89  7:42  Adept, Pylon  
  89  7:44  Adept  
  93  7:45  Probe  
  94  7:52  Gateway  
  94  7:54  Assimilator  
  94  7:56  Phoenix  
  94  7:58  Assimilator  
  94  8:07  High Templar x3  
  94  8:08  Zealot, High Templar  
  94  8:09  Zealot x2  
  94  8:12  Archon x2  
  108  8:16  Protoss Ground Weapons Level 2 (Chrono Boost)  
  108  8:18  Pylon  
  108  8:26  Zealot, Pylon  
  110  8:40  Zealot x4  
  110  8:41  Zealot x3  
  124  8:42  Pylon  
  124  8:44  Pylon  
  124  8:50  Immortal (Chrono Boost)  
  128  8:59  Pylon  
  128  9:00  Stalker  
  130  9:04  Nexus  
  130  9:08  High Templar x4  
  138  9:12  Archon  
  138  9:13  Archon  
  138  9:18  Psionic Storm  
  138  9:23  Pylon  
  138  9:35  High Templar  
  140  9:38  Zealot x2  
  140  9:39  Zealot  
  140  9:44  Photon Cannon  
  136  9:52  High Templar  
  130  9:57  Archon  
  130  9:58  Zealot x3  
  124  10:02  Zealot x3  
  124  10:05  Probe  
  123  10:08  Zealot  
  123  10:09  Immortal  
  118  10:19  Probe x4  
  122  10:26  Dark Shrine  
  122  10:27  High Templar x3  
  128  10:29  Zealot x4, High Templar  
  128  10:32  Probe, Gateway  
  128  10:33  Gateway  
  128  10:34  Archon x2  
  127  10:43  Probe x3  
  127  10:44  Assimilator  
  127  10:46  Assimilator  
  127  10:47  Probe  
  127  10:51  High Templar  
  127  10:52  High Templar  
  127  10:55  Probe x2  
  133  10:58  Photon Cannon  
  133  10:59  Immortal (Chrono Boost), Photon Cannon  
  133  11:01  Shield Battery  
  137  11:05  Zealot x2, High Templar  
  143  11:15  Zealot x3  
  143  11:25  Zealot x4  
  139  11:36  Protoss Ground Weapons Level 3 (Chrono Boost)  
  139  11:39  Dark Templar x4  
  129  11:48  High Templar x2  
  129  11:49  Warp Prism (Chrono Boost), Zealot x2  
  129  11:54  Probe x4  
  139  11:58  Pylon  
  141  12:08  Pylon  
  141  12:10  Probe  
  141  12:12  Probe  
  137  12:25  High Templar x3  
  137  12:26  Zealot x4, High Templar, Blink (Chrono Boost)  
  137  12:28  Zealot x2  
  137  12:29  Archon x2  
  157  12:34  Gateway  
  157  12:35  Gateway  
  157  12:37  Gateway  
  155  13:01  High Templar x4  
  155  13:02  Zealot x6  
  155  13:05  Archon  
  173  13:06  Archon  
  173  13:18  Immortal (Chrono Boost)  
  171  13:30  Stalker x5  
  171  13:31  Stalker x2  
  175  13:34  High Templar x2  
  175  13:35  Zealot x4  
  175  13:40  Archon  
  187  13:58  Nexus  
  187  13:59  Pylon  
  187  14:00  High Templar x2  
  187  14:01  Zealot x2, High Templar x2  
  199  14:04  Archon  
  199  14:05  Archon  
  195  14:17  Zealot x2  
  157  14:32  Zealot x7  
  163  14:42  Zealot x6  
  153  14:53  Dark Templar x7  
Show
View Real Time Build Order
Export as new Build Order

Denver Zerg 

Build Orders: Hatch First 

Get SALT Encoding   

  12  0:00  Drone  
  13  0:12  Overlord  
  13  0:17  Drone  
  14  0:30  Drone x2  
  16  0:43  Drone  
  17  0:52  Hatchery  
  17  0:55  Drone  
  17  0:59  Drone  
  18  1:10  Extractor  
  17  1:14  Spawning Pool  
  17  1:17  Drone  
  17  1:21  Drone  
  18  1:28  Drone  
  19  1:48  Drone, Hatchery  
  19  1:52  Drone  
  20  2:01  Queen  
  22  2:10  Queen  
  24  2:16  Drone  
  24  2:21  Metabolic Boost  
  25  2:24  Drone  
  26  2:30  Overlord  
  26  2:33  Drone  
  28  2:37  Zergling x2  
  28  2:47  Queen  
  28  2:50  Zergling x4  
  32  2:52  Drone  
  32  2:57  Overlord  
  33  3:00  Drone  
  33  3:05  Drone  
  35  3:06  Drone  
  35  3:11  Drone  
  37  3:15  Drone x2  
  37  3:16  Drone  
  40  3:21  Overlord  
  40  3:25  Drone x2  
  42  3:28  Drone  
  42  3:29  Drone  
  42  3:32  Zergling x2  
  44  3:48  Roach Warren, Drone  
  44  3:49  Drone x5  
  49  3:56  Drone x3  
  49  3:58  Overlord  
  52  4:03  Spine Crawler  
  52  4:05  Queen  
  53  4:10  Drone x2  
  53  4:15  Overlord  
  55  4:19  Zergling x10  
  60  4:24  Overlord  
  60  4:26  Zergling x6  
  60  4:31  Roach, Overlord  
  65  4:35  Overlord  
  65  4:37  Roach  
  65  4:38  Roach  
  69  4:42  Roach x2  
  73  4:46  Extractor  
  73  4:47  Overlord  
  73  4:50  Roach x2  
  73  4:51  Roach  
  78  4:56  Queen  
  80  5:01  Drone x3  
  80  5:03  Roach x2  
  80  5:04  Overlord  
  87  5:08  Roach  
  87  5:09  Roach  
  91  5:15  Drone x5  
  91  5:18  Overlord  
  95  5:23  Overlord  
  95  5:25  Overlord  
  95  5:27  Spore Crawler  
  91  5:41  Roach x6  
  91  5:42  Roach  
  95  5:44  Drone x2  
  91  5:52  Drone  
  91  6:00  Drone x2  
  93  6:04  Zergling x2  
  93  6:08  Drone x3  
  93  6:09  Drone x2  
  99  6:18  Drone x3  
  100  6:19  Lair  
  100  6:22  Extractor  
  100  6:24  Overlord  
  100  6:34  Drone x2  
  100  6:39  Drone x5  
  104  6:45  Drone  
  104  6:46  Drone x3  
  99  6:49  Drone x3  
  96  6:57  Drone x3  
  96  6:58  Hatchery  
  92  7:05  Drone x4  
  93  7:15  Drone x3  
  96  7:18  Drone x4  
  96  7:21  Glial Reconstitution  
  96  7:22  Extractor  
  99  7:24  Overseer, Extractor  
  99  7:25  Extractor  
  99  7:26  Drone x2  
  99  7:30  Drone  
  99  7:36  Drone x5  
  105  7:42  Overlord  
  105  7:47  Roach x2  
  105  7:48  Evolution Chamber  
  108  7:52  Roach  
  108  7:53  Roach x6  
  121  8:06  Drone  
  121  8:07  Drone x4  
  126  8:13  Overseer, Roach x4  
  126  8:16  Zerg Missile Weapons Level 1  
  126  8:19  Roach x4  
  142  8:20  Overlord x2  
  142  8:26  Roach  
  142  8:27  Roach x3  
  150  8:30  Ravager x3  
  151  8:39  Drone x7  
  158  8:42  Baneling Nest  
  158  8:46  Overlord  
  157  8:48  Roach  
  157  8:49  Roach x4  
  157  8:51  Overlord  
  157  8:53  Overlord  
  157  8:55  Ravager x2  
  169  8:58  Overlord  
  169  9:06  Roach x5  
  169  9:08  Overlord  
  179  9:16  Overlord  
  179  9:20  Drone x9  
  188  9:30  Ravager x5  
  193  9:32  Centrifical Hooks  
  186  9:47  Roach x8  
  197  9:53  Hatchery  
  173  10:00  Roach, Zergling x2  
  173  10:01  Roach x7, Zergling x4  
  176  10:11  Drone x8  
  177  10:16  Zergling x2  
  177  10:17  Zergling x14  
  183  10:22  Zerg Melee Weapons Level 1  
  183  10:27  Zergling x14  
  190  10:39  Zergling x2  
  190  10:40  Zergling x8, Ravager  
  188  10:44  Baneling x20  
  188  10:51  Zergling x16  
  188  10:56  Baneling x8  
  196  11:03  Zergling x6  
  173  11:19  Zergling x30  
  173  11:23  Roach  
  173  11:24  Roach x6  
  174  11:33  Roach  
  174  11:34  Roach x3  
  164  11:41  Zergling x18  
  162  11:51  Roach x7  
  162  11:52  Overseer  
  173  11:59  Overseer  
  173  12:01  Drone x7  
  174  12:03  Overseer, Infestation Pit  
  174  12:04  Overseer  
  179  12:09  Roach x4  
  179  12:10  Roach x4  
  179  12:13  Baneling x9  
  193  12:16  Drone x4  
  193  12:19  Extractor  
  194  12:25  Roach x3  
  194  12:27  Baneling x6  
  194  12:28  Baneling  
  200  12:39  Spine Crawler  
  200  12:40  Spine Crawler x2  
  200  12:41  Ravager  
  197  12:49  Zergling x24  
  197  12:55  Hive  
  197  13:01  Pneumatized Carapace  
  197  13:08  Baneling x9  
  194  13:19  Drone x8  
  200  13:22  Extractor  
  190  13:29  Roach x5  
  200  13:36  Ravager x4  
  198  13:43  Spine Crawler x2  
  198  13:44  Overseer  
  198  13:46  Baneling x7  
  196  13:58  Baneling x10  
  196  13:59  Baneling  
  196  14:04  Baneling  
  196  14:05  Baneling x4  
  186  14:14  Zergling x36  
  186  14:31  Zergling x28  
Tags
 
Add a new tag
Caveats
  • Supply blocks, unpowered buildings, or Contaminate may cause inaccurate times.
  • Supply counts are checked every 10 seconds.